Map: 莱瑞拉克之冠

Players

Quail

  • Race: Protoss Protoss
  • League: Diamond

灵家牧女 - Winner!

  • Race: Zerg Zerg
  • League: Silver

VOD

Have the link to the VOD?

Description

Time

  • Played on: Dec. 5, 2015, 5:32 a.m.
  • Length: 13:24
Show
View Real Time Build Order
Export as new Build Order

Quail Protoss 

Build Orders: 1 Gate Expand 

Get SALT Encoding   

  12  0:01  Probe (Chrono Boost)  
  13  0:11  Probe (Chrono Boost)  
  14  0:22  Probe (Chrono Boost), Pylon  
  15  0:41  Probe (Chrono Boost), Gateway  
  16  0:47  Assimilator  
  16  0:51  Probe (Chrono Boost)  
  17  1:02  Probe (Chrono Boost)  
  18  1:22  Nexus  
  18  1:33  Cybernetics Core  
  18  1:36  Probe (Chrono Boost)  
  20  1:47  Probe (Chrono Boost)  
  20  1:49  Pylon  
  20  1:56  Assimilator  
  20  1:57  Probe (Chrono Boost)  
  21  2:08  Probe (Chrono Boost)  
  24  2:16  Stalker  
  24  2:19  Mothership Core (Chrono Boost)  
  26  2:24  Warp Gate  
  26  2:36  Probe (Chrono Boost)  
  28  2:37  Probe (Chrono Boost)  
  28  2:46  Probe (Chrono Boost)  
  28  2:50  Probe (Chrono Boost)  
  30  2:52  Adept  
  30  2:57  Probe (Chrono Boost)  
  33  3:01  Probe (Chrono Boost)  
  34  3:08  Probe (Chrono Boost)  
  34  3:12  Probe (Chrono Boost)  
  35  3:17  Pylon  
  35  3:18  Probe (Chrono Boost)  
  36  3:21  Gateway, Pylon  
  36  3:33  Stargate  
  36  3:35  Probe x2 (Chrono Boost)  
  38  3:45  Probe (Chrono Boost)  
  38  3:46  Probe (Chrono Boost)  
  42  3:48  Adept  
  42  3:54  Pylon  
  42  3:56  Probe (Chrono Boost)  
  42  3:57  Probe (Chrono Boost)  
  44  4:06  Probe (Chrono Boost)  
  44  4:07  Probe (Chrono Boost)  
  46  4:10  Pylon  
  46  4:16  Gateway  
  47  4:17  Probe (Chrono Boost), Oracle  
  47  4:18  Probe (Chrono Boost)  
  47  4:23  Gateway  
  51  4:27  Probe (Chrono Boost)  
  51  4:28  Probe (Chrono Boost)  
  53  4:33  Gateway  
  53  4:35  Pylon  
  53  4:44  Adept x2  
  57  4:49  Probe (Chrono Boost)  
  57  4:51  Probe (Chrono Boost)  
  59  4:54  Assimilator  
  59  4:56  Assimilator  
  59  5:00  Void Ray (Chrono Boost)  
  59  5:04  Pylon  
  63  5:10  Probe (Chrono Boost)  
  64  5:14  Twilight Council  
  64  5:15  Forge  
  64  5:20  Probe (Chrono Boost)  
  64  5:21  Probe (Chrono Boost)  
  63  5:30  Probe (Chrono Boost)  
  63  5:31  Sentry x2, Probe (Chrono Boost)  
  69  5:44  Pylon  
  69  5:45  Void Ray (Chrono Boost)  
  69  5:46  Pylon  
  73  5:52  Pylon  
  73  5:54  Stargate  
  73  5:58  Adept x3  
  77  6:15  Adept  
  73  6:19  Adept  
  73  6:21  Adept x2  
  73  6:25  Void Ray (Chrono Boost)  
  83  6:42  Gateway  
  83  6:43  Gateway  
  83  6:45  Gateway  
  83  6:48  Fleet Beacon  
  83  6:50  Adept x3  
  89  6:56  Photon Cannon  
  89  7:00  Resonating Glaives  
  89  7:06  Adept x2  
  93  7:17  Adept  
  93  7:18  Adept x2  
  97  7:37  Adept x2  
  101  7:47  Adept x3  
  107  7:56  Nexus  
  107  8:00  Pylon  
  107  8:02  Pylon  
  107  8:17  Robotics Facility  
  107  8:18  Protoss Ground Weapons Level 1  
  113  8:24  Carrier (Chrono Boost)  
  113  8:26  Carrier (Chrono Boost)  
  119  8:35  Photon Cannon  
  119  8:36  Photon Cannon  
  119  8:38  Adept  
  121  8:44  Adept x2  
  125  8:49  Photon Cannon  
  125  8:52  Pylon  
  125  9:00  Adept  
  125  9:09  Pylon  
  125  9:10  Pylon x2  
  125  9:12  Observer  
  125  9:14  Pylon  
  125  9:16  Stalker x2  
  130  9:21  Graviton Catapult  
  130  9:26  Probe  
  131  9:34  Observer  
  132  9:41  Carrier (Chrono Boost)  
  138  9:54  Photon Cannon  
  144  10:18  Carrier (Chrono Boost)  
  144  10:20  Adept x2  
  144  10:21  Adept x3  
  144  10:25  Sentry  
  144  10:26  Sentry  
  148  10:31  Assimilator  
  148  10:33  Photon Cannon  
  148  10:36  Adept  
  150  10:46  Templar Archives  
  150  10:48  Zealot  
  150  10:49  Zealot x2  
  156  11:02  Assimilator  
  132  11:19  Adept x4  
  132  11:20  Adept x3  
  130  11:36  Carrier (Chrono Boost)  
  136  11:43  Psionic Storm  
  136  11:53  Pylon  
  136  12:08  Adept x2  
  124  12:38  Immortal  
  128  12:54  Probe  
  135  13:08  Adept  
  135  13:09  Adept x2  
Show
View Real Time Build Order
Export as new Build Order

灵家牧女 Zerg - Winner!

Build Orders: Hatch First 

Get SALT Encoding   

  12  0:01  Drone  
  13  0:08  Drone  
  14  0:16  Overlord  
  14  0:35  Drone x3  
  17  0:53  Hatchery  
  17  0:56  Drone  
  17  1:09  Spawning Pool  
  16  1:11  Drone  
  17  1:20  Drone x2  
  19  1:27  Extractor  
  19  1:30  Drone  
  19  1:41  Overlord  
  19  1:55  Queen  
  19  1:56  Zergling x2  
  22  2:01  Drone  
  22  2:05  Queen  
  22  2:07  Drone  
  26  2:17  Drone  
  26  2:18  Drone  
  28  2:23  Drone  
  28  2:27  Overlord  
  29  2:36  Drone  
  30  2:38  Drone  
  31  2:46  Metabolic Boost  
  31  2:50  Zergling x4  
  32  3:04  Zergling x4  
  34  3:06  Overlord  
  34  3:09  Lair  
  34  3:19  Overlord  
  35  3:20  Drone x2  
  35  3:21  Hatchery  
  35  3:27  Drone x4  
  35  3:31  Extractor  
  38  3:34  Drone x2, Extractor  
  38  3:38  Drone  
  39  3:50  Drone x5  
  45  4:02  Drone  
  45  4:03  Drone x3  
  45  4:05  Extractor  
  47  4:12  Hydralisk Den  
  47  4:16  Evolution Chamber  
  45  4:17  Evolution Chamber  
  45  4:20  Drone x3  
  45  4:24  Roach Warren  
  46  4:31  Drone x5  
  48  4:36  Overlord  
  50  4:49  Spore Crawler  
  50  4:51  Spore Crawler  
  48  4:56  Drone x5  
  48  4:57  Drone x3  
  56  5:07  Overlord  
  56  5:32  Queen  
  56  5:33  Zergling x2  
  56  5:34  Zergling x16  
  56  5:35  Extractor, Zergling x8  
  70  5:43  Zerg Missile Weapons Level 1  
  70  5:47  Zerg Ground Armor Level 1  
  70  5:50  Muscular Augments  
  70  5:51  Drone x2  
  70  5:52  Drone  
  70  5:54  Drone  
  70  5:56  Overlord, Extractor  
  73  6:03  Drone  
  74  6:04  Overlord x2  
  68  6:18  Hydralisk x2  
  59  6:19  Hydralisk x6  
  75  6:32  Drone x3  
  78  6:39  Hydralisk  
  80  6:47  Infestation Pit  
  80  6:49  Zergling x4  
  80  6:52  Glial Reconstitution  
  81  6:59  Zergling x18  
  90  7:17  Drone x6  
  90  7:18  Drone  
  91  7:41  Hydralisk x3  
  91  7:42  Hydralisk x4  
  97  7:44  Zerg Missile Weapons Level 2  
  97  7:45  Zerg Ground Armor Level 2  
  97  7:48  Overlord  
  97  7:49  Overlord x4  
  97  7:58  Hive  
  97  8:04  Evolution Chamber  
  96  8:08  Hydralisk  
  96  8:09  Hydralisk x8  
  114  8:14  Overlord x2  
  114  8:24  Drone x2  
  116  8:28  Zergling x2  
  116  8:29  Zergling x6  
  116  8:31  Hatchery  
  119  8:45  Zergling x12  
  119  8:46  Zergling x4  
  127  9:13  Zerg Melee Weapons Level 1  
  127  9:16  Ultralisk Cavern  
  126  9:24  Extractor  
  126  9:25  Zergling x28  
  126  9:26  Zergling x4  
  126  9:28  Extractor  
  126  9:31  Adrenal Glands  
  140  9:34  Hatchery  
  140  9:36  Extractor  
  134  9:50  Overlord x6  
  124  10:23  Zergling x2  
  124  10:24  Zergling x30  
  124  10:25  Zergling x4  
  141  10:34  Spire  
  140  10:37  Drone x4  
  144  10:42  Zerg Missile Weapons Level 3  
  144  10:43  Zerg Ground Armor Level 3  
  144  10:45  Chitinous Plating  
  144  10:56  Drone x2  
  144  10:57  Drone x3  
  147  10:58  Drone x4  
  147  10:59  Drone x5  
  128  11:20  Zergling x2  
  128  11:21  Zergling x22  
  126  11:34  Ultralisk x4  
  126  11:39  Drone x3  
  155  11:40  Drone x4  
  153  12:07  Hydralisk  
  153  12:08  Hydralisk x7  
  134  12:31  Hydralisk x10  
  134  12:32  Hydralisk  
  156  12:42  Zergling x2  
  156  12:43  Zergling x12  
Tags
 
Add a new tag
Caveats
  • Supply blocks, unpowered buildings, or Contaminate may cause inaccurate times.
  • Supply counts are checked every 10 seconds.